 Dungeon Crawl Stone Soup version 0.28.0-53-g5a82cb258f (webtiles) character file.

Game seed: 9780626667173505934

32 nickcage the Stinger (level 3, -5/16 HPs)
             Began as a Spriggan Venom Mage on June 14, 2022.
             Slain by a gnoll
             ... wielding a +0 halberd
              (10 damage)
             ... on level 2 of the Dungeon.
             The game lasted 00:04:25 (1305 turns).

nickcage the Stinger (Spriggan Venom Mage)          Turns: 1305, Time: 00:04:26

Health: -5/16      AC:  2    Str:  4    XL:     3   Next: 10%
Magic:  3/8        EV: 17    Int: 18    God:
Gold:   60         SH:  0    Dex: 15    Spells: 6/7 levels left

rFire   . . .      SeeInvis +   d - +0 dagger
rCold   . . .      Faith    .   (no shield)
rNeg    . . .      Spirit   .   a - +0 robe
rPois   .          Reflect  .   (helmet restricted)
rElec   .          Harm     .   (no cloak)
rCorr   .          Rampage  .   (gloves unavailable)
Will    .....                   (boots unavailable)
Stlth   ++........              (no amulet)
HPRegen 0.05/turn               (no ring)
MPRegen 0.11/turn               (no ring)

@: very quick
A: very small, no large weapons, unfitting armour, see invisible, speed 3
a: no special abilities


You were on level 2 of the Dungeon.
You visited 1 branch of the dungeon, and saw 2 of its levels.

You collected 60 gold pieces.

Inventory:

Hand Weapons
 d - a +0 dagger (weapon)
Armour
 a - a +0 robe (worn)
Scrolls
 f - a scroll of noise {unknown}
Potions
 b - a potion of degeneration {unknown}
 c - a potion of lignification {unknown}
 e - a potion of cancellation {unknown}


   Skills:
 - Level 2.6 Dodging
 - Level 3.0 Stealth
 - Level 2.6 Spellcasting
 - Level 2.0 Transmutations
 + Level 4.1 Poison Magic


You had 6 spell levels left.
You knew the following spells:

 Your Spells              Type           Power      Damage    Failure   Level
a - Sting                 Tmut/Pois      52%        1d5       4%          1

Your spell library contained the following spells:

 Spells                   Type           Power      Damage    Failure   Level
 Poisonous Vapours        Pois/Air       18%        N/A       11%         2
 Mephitic Cloud           Conj/Pois/Air  7%         N/A       28%         3
 Olgreb's Toxic Radiance  Pois           17%        N/A       30%         4


Dungeon Overview and Level Annotations

Branches:
Dungeon (2/15)

Altars:

Shops:
D:1 [


Innate Abilities, Weirdness & Mutations

You are very small and have problems with some larger weapons.
You are too small for most types of armour.
You have supernaturally acute eyesight. (SInv)
You cover ground extremely quickly. (Speed+++)


Message History

Found a stone staircase leading down.
The sting misses the bat.
The bat misses you.
The sting hits the bat.
The bat is poisoned.
The bat is heavily wounded.
The bat misses you.
You miss the bat.
The bat is heavily wounded.
The bat completely misses you.
The sting hits the bat.
The bat looks even sicker.
You kill the bat!
You start resting.
Magic restored.
The gnoll shouts!
The sting misses the gnoll.
The sting hits the gnoll.
The gnoll is poisoned.
The gnoll is moderately wounded.
The gnoll hits you from afar with a +0 halberd!
Ouch! That really hurt!
You are too injured to fight recklessly!
Aiming: Sting (safe; 4% risk of failure)
Press: ? - help, Q - select action Shift-Dir - straight line, f/p - gnoll
Aim: a gnoll, wielding a +0 halberd (moderately wounded, poisoned, 75% to hit)
The sting misses the gnoll.
The gnoll closely misses you.
Aiming: Sting (safe; 4% risk of failure)
Press: ? - help, Q - select action Shift-Dir - straight line, f/p - gnoll
Aim: a gnoll, wielding a +0 halberd (moderately wounded, poisoned, 75% to hit)
The sting hits the gnoll but does no damage.
The gnoll looks even sicker.
The gnoll is moderately wounded.
The gnoll shouts!
The gnoll misses you.
Aiming: Sting (safe; 4% risk of failure)
Press: ? - help, Q - select action Shift-Dir - straight line, f/p - gnoll
Aim: a gnoll, wielding a +0 halberd (heavily wounded, very poisoned, 75% to hit)
The sting hits the gnoll.
The gnoll looks even sicker.
The gnoll is almost dead.
The gnoll hits you from afar with a +0 halberd!
Ouch! That really hurt!
You die...

....##...........#
###....###.####### ..
###.# #.# ... #..##.#####
.... #.........# ###....
#...>.....# .......
#.........# ##.......
.#.........######......g.
............@.g..g.......
###.........###...##......
#.........#....###......
.............#..........g
##.##...#).######........
#........## ........
####...... ........
......... .......
.......### .......


You could see 2 gnolls.

Vanquished Creatures
  2 ball pythons
  2 bats (D:2)
  6 endoplasms
  A giant cockroach (D:1)
  3 goblins (D:1)
  5 hobgoblins (D:1)
  3 quokkas
  4 rats
26 creatures vanquished.

Notes
Turn   | Place    | Note
-------+----------+-------------------------------------------
     0 | D:1      | nickcage the Spriggan Venom Mage began the quest for the
                  | Orb.
     0 | D:1      | Reached XP level 1. HP: 9/9 MP: 5/5
   271 | D:1      | Found Oleoqa's Antique Armour Emporium.
   351 | D:1      | Reached XP level 2. HP: 11/13 MP: 0/6
   688 | D:1      | Found a faded altar of an unknown god.
   973 | D:1      | Reached skill level 4 in Poison Magic
  1101 | D:2      | Reached XP level 3. HP: 16/16 MP: 1/8
  1305 | D:2      | Slain by a gnoll

Illustrated notes

Levels and vault maps discovered:
D:1:      kennysheep_arrival_forest, layout_rooms,
          hellmonk_ecumenical_altar_blasted, serial_shops, shop
D:2:      layout_rooms, serial_curves, eino_curves_03, eino_curves_03

Skill      XL: |  1  2 |
---------------+-------+-----
Transmutations | 2 |  2.0
Poison Magic   | 4 |  4.1
Dodging        | |  2.6
Stealth        | |  3.0
Spellcasting   | |  2.6

Action                   || total
-------------------------++-------
Melee: Unarmed           ||    31
       Dagger            ||     5
 Cast: Sting             ||    62
Armor: Robe              ||     5
Dodge: Dodged            ||    46
